 Dungeon Crawl Stone Soup version 0.22.1-6-g1668fe2c40 (webtiles) character file.

1188 Peloso the Slasher (level 8, -1/68 HPs)
             Began as a Minotaur Fighter on Jan 27, 2019.
             Was a Follower of Okawaru.
             Shot with an arrow by a centaur (5 damage)
             ... on level 6 of the Dungeon.
             The game lasted 00:10:36 (4947 turns).

Peloso the Slasher (Minotaur Fighter)               Turns: 4947, Time: 00:10:42

Health: -1/68      AC:  7    Str: 22    XL:     8   Next: 19%
Magic:  7/7        EV:  9    Int:  5    God:    Okawaru [*.....]
Gold:   313        SH: 11    Dex: 13    Spells: 7/7 levels left

rFire    + . .     SeeInvis .   a - +1 long sword
rCold    . . .     Gourm    .   c - +0 shield
rNeg     . . .     Faith    .   b - +0 scale mail
rPois    .         Spirit   .   (helmet restricted)
rElec    .         Reflect  .   (no cloak)
rCorr    .         Harm     .   (no gloves)
MR       +....     Clarity  +   (no boots)
Stlth    +.........             d - amulet of magic regeneration
HPRegen  0.21/turn              l - ring of stealth
MPRegen  0.35/turn              m - ring of protection from fire

@: lethally poisoned (-1 -> -4)
A: retaliatory headbutt, horns 2, agile 1, clarity, magic resistance 1
a: Heroism, Renounce Religion


You were on level 6 of the Dungeon.
You worshipped Okawaru.
Okawaru was aware of your devotion.
You were hungry.

You visited 1 branch of the dungeon, and saw 6 of its levels.
You also visited: Ossuary.

You collected 313 gold pieces.

Inventory:

Hand Weapons
 a - a +1 long sword (weapon)
 h - a +2 short sword of flaming
Armour
 b - a +0 scale mail (worn)
 c - a +0 shield (worn)
Jewellery
 d - an amulet of magic regeneration (around neck)
 l - a ring of stealth (left hand)
 m - a ring of protection from fire (right hand)
 o - an uncursed ring of stealth
Scrolls
 g - 6 scrolls of identify
 j - a scroll of enchant weapon
 n - 3 scrolls of teleportation
 t - 2 scrolls of magic mapping {unknown}
 u - 2 scrolls of amnesia {unknown}
 x - a scroll of remove curse
Potions
 e - 2 potions of haste
 i - a potion of curing {unknown}
 k - 2 potions of magic {unknown}
 p - a potion of lignification {unknown}
 q - 3 potions of mutation
 r - a potion of heal wounds {unknown}
 s - 3 potions of agility {unknown}
 v - a potion of berserk rage {unknown}
 w - a potion of cancellation {unknown}
Comestibles
 f - 7 rations
 z - 4 chunks of flesh


   Skills:
 + Level 5.1 Fighting
 + Level 7.0 Long Blades
 + Level 6.9 Armour
 + Level 2.8 Dodging
 + Level 0.3 Stealth
 + Level 6.8 Shields


You had 7 spell levels left.
You didn't know any spells.
Your spell library contained the following spells:

 Spells                   Type           Power        Failure   Level  Hunger
 Beastly Appendage        Tmut           #.....       98%         1    ##.....
 Corona                   Hex            #......      98%         1    ##.....
 Magic Dart               Conj           #...         98%         1    ##.....
 Blink                    Tloc           N/A          99%         2    ###....
 Call Imp                 Summ           #.......     99%         2    ###....
 Ensorcelled Hibernation  Hex/Ice        #.....       99%         2    ###....
 Slow                     Hex            #.......     99%         2    ###....
 Sticks to Snakes         Tmut           #.......     99%         2    ###....
 Confuse                  Hex            #.......     100%        3    ####...
 Conjure Flame            Conj/Fire      #.......     100%        3    ####...
 Dazzling Spray           Conj/Hex       #.....       100%        3    ####...
 Mephitic Cloud           Conj/Pois/Air  #.......     100%        3    ####...
 Spider Form              Tmut/Pois      #.........   100%        3    ####...
 Tukima's Dance           Hex            #.......     100%        3    ####...
 Ice Form                 Ice/Tmut       #.......     100%        4    #####..
 Blade Hands              Tmut           #.........   100%        5    ######.


Dungeon Overview and Level Annotations

Branches:
Dungeon (6/15)             Temple (0/1) D:5

Altars:
Ashenzari
Okawaru
Sif Muna
Yredelemnul

Shops:
D:6 %

Annotations:
D:3 2 runed doors, Tali's ghost, amateur DsBe
D:4 2 transporters, Gabide's ghost, amateur HuCK


Innate Abilities, Weirdness & Mutations

You reflexively headbutt those who attack you in melee.
You have a pair of horns on your head.
You are agile. (Dex +2)
You possess an exceptional clarity of mind.
You are resistant to hostile enchantments. (MR+)


Message History

The worker ant bites you but does no damage.
You hit the worker ant but do no damage.
* * * LOW HITPOINT WARNING * * *
You feel sick.
The worker ant bites you but does no damage. x2
You hit the worker ant.
You headbutt the worker ant, but do no damage.
The worker ant is moderately wounded.
* * * LOW HITPOINT WARNING * * *
You feel sick.
A centaur comes into view.
You block the worker ant's attack.
It was a potion of mutation.
You feel extremely strange.
Your thoughts seem clearer.
You feel resistant to hostile enchantments.
You feel agile.
The centaur shouts!
The worker ant bites you but does no damage.
The centaur wields a shortbow.
The centaur shoots an arrow.
The arrow hits you.
You die...

..........# .#
..........# ...#
..........# .<.#
..........##...##
#...............
#...............
###..∩...........
...(.............
##.....@.........
#.....a.........
#.....<†.#######
$#........#####
...............
.!........c....
....?...........
##....#.#.......
#........###...


You could see a centaur and a worker ant.

Vanquished Creatures
  Menkaure (Ossuary)
  An ice beast (D:6)
  An ogre (D:5)
  A bullfrog (D:5)
  A howler monkey (D:6)
  2 crimson imps (D:5)
  A bullfrog zombie (D:5)
  A centaur zombie (D:5)
  4 hounds
  A human zombie (D:3)
  6 orc wizards
  An iguana (D:5)
  A worker ant (D:4)
  Natasha (D:4)
  Terence (D:3)
  2 hound skeletons
  2 mummies (Ossuary)
  3 gnolls (D:5)
  2 howler monkey skeletons
  7 adders
  A worm zombie (D:5)
  An adder zombie (D:3)
  2 oozes
  An adder skeleton (D:5)
  5 worms
  A dart slug (D:4)
  6 leopard geckos
  24 orcs
  A ball python (D:3)
  8 bats
  5 giant cockroaches
  4 gnoll zombies (Ossuary)
  10 goblins
  9 hobgoblins
  10 jackals
  4 quokkas
  2 frilled lizards
  3 gnoll skeletons (Ossuary)
  3 goblin skeletons (Ossuary)
  3 goblin zombies (Ossuary)
  2 hobgoblin skeletons (Ossuary)
  3 hobgoblin zombies (Ossuary)
  A jackal zombie (D:3)
  15 kobolds
  2 kobold skeletons (Ossuary)
  4 kobold zombies (Ossuary)
  7 orc skeletons (Ossuary)
  2 orc zombies (Ossuary)
  8 rats
  4 rat zombies
191 creatures vanquished.

Vanquished Creatures (others)
  A mummy (Ossuary)
  A gnoll skeleton (Ossuary)
  3 goblin skeletons (Ossuary)
  A hobgoblin skeleton (Ossuary)
  2 kobold skeletons (Ossuary)
  A kobold zombie (Ossuary)
  An orc skeleton (Ossuary)
  2 orc zombies (Ossuary)
  3 rat zombies (Ossuary)
  2 withered plants (D:3)
17 creatures vanquished.

Grand Total: 208 creatures vanquished

Notes
Turn   | Place    | Note
-------+----------+-------------------------------------------
     0 | D:1      | Peloso the Minotaur Fighter began the quest for the Orb.
     0 | D:1      | Reached XP level 1. HP: 19/19 MP: 0/0
    90 | D:1      | Reached XP level 2. HP: 27/27 MP: 1/1
   197 | D:1      | Reached XP level 3. HP: 33/33 MP: 2/2
   256 | D:1      | Reached skill level 3 in Long Blades
   698 | D:2      | Reached XP level 4. HP: 25/40 MP: 3/3
   957 | D:2      | Reached skill level 4 in Long Blades
  1349 | D:3      | Reached skill level 1 in Dodging
  1400 | D:3      | Found a runed door.
  1400 | D:3      | Noticed Tali's ghost (amateur DsBe)
  1429 | D:3      | Reached XP level 5. HP: 46/46 MP: 4/4
  1492 | D:3      | Found a runed door.
  1505 | D:3      | Noticed a human
  1512 | D:3      | Found a basalt altar of Yredelemnul.
  1811 | D:3      | Noticed Terence
  1820 | D:3      | Killed Terence
  2097 | D:3      | Found a shattered altar of Ashenzari.
  2100 | D:3      | Reached XP level 6. HP: 53/53 MP: 5/5
  2106 | D:3      | Reached skill level 5 in Shields
  2479 | D:4      | Found a transporter.
  2485 | D:4      | Noticed Gabide's ghost (amateur HuCK)
  2489 | D:4      | Found a transporter.
  2549 | D:4      | Reached skill level 5 in Long Blades
  2549 | D:4      | Reached skill level 5 in Armour
  2557 | D:4      | Noticed Natasha
  2571 | D:4      | Killed Natasha
  2587 | D:4      | Found a deep blue altar of Sif Muna.
  3717 | D:5      | Entered Level 5 of the Dungeon
  3745 | D:5      | Reached XP level 7. HP: 60/60 MP: 6/6
  3793 | D:5      | Found an iron altar of Okawaru.
  3796 | D:5      | Became a worshipper of Warmaster Okawaru
  3802 | D:5      | Found a staircase to the Ecumenical Temple.
  3841 | D:5      | Reached skill level 6 in Long Blades
  4006 | D:5      | Reached * piety under Okawaru
  4008 | D:5      | Found a sand-covered staircase.
  4017 | Ossuary  | Entered an ossuary
  4267 | Ossuary  | Noticed Menkaure
  4271 | Ossuary  | Killed Menkaure
  4734 | D:6      | Found Oschet's Food Shop.
  4753 | D:6      | Reached XP level 8. HP: 44/67 MP: 7/7
  4759 | D:5      | Reached skill level 5 in Fighting
  4930 | D:6      | Reached skill level 7 in Long Blades
  4946 | D:6      | HP: 3/68 [poisoned by a worker ant]
  4947 | D:6      | Gained mutation: You possess an exceptional clarity of
                  | mind. [potion of mutation]
  4947 | D:6      | Gained mutation: You are resistant to hostile enchantments.
                  | (MR+) [potion of mutation]
  4947 | D:6      | Gained mutation: You are agile. (Dex +2) [potion of
                  | mutation]
  4947 | D:6      | Shot with an arrow by a centaur

Skill      XL: |  1  2  3  4  5  6  7  8 |
---------------+-------------------------+-----
Shields        | 4 5 6 |  6.8
Fighting       | 4 5 |  5.1
Armour         | 4 5 6 |  6.9
Long Blades    | 3 4 5 6 7 |  7.0
Dodging        | 1 2 |  2.8
Stealth        | |  0.3

Action                   |  1- 3 |  4- 6 |  7- 9 || total
-------------------------+-------+-------+-------++-------
Melee: Long sword        |   100 |   222 |   154 ||   476
       Headbutt          |    17 |    42 |    44 ||   103
       Short sword       |       |       |    12 ||    12
  Use: Scroll            |       |     6 |       ||     6
       Potion            |       |       |     2 ||     2
  Eat: Chunk             |       |     9 |     1 ||    10
       Ration            |       |       |     1 ||     1
Armor: Scale mail        |    50 |   134 |    65 ||   249
Dodge: Dodged            |    41 |    68 |    78 ||   187
Block: Shield            |    69 |   147 |   115 ||   331
       Rpst.: Long sword |     8 |    22 |    25 ||    55
